[Event "FIDE WSTC Open 50 2025"]
[Site "Prague"]
[Date "2025.02.17"]
[Round "1.32"]
[White "Wielosz, Jaroslaw"]
[Black "Polster, Wolfgang"]
[Result "1/2-1/2"]
[Annotator "TA"]
[ECO "A11"]
[WhiteElo "1930"]
[BlackElo "2131"]
[PlyCount "101"]
[EventDate "2025.02.17"]
[EventType "team-tourn"]
[EventCountry "CZE"]
[SourceTitle "playchess.com"]
[Source "ChessBase"]
[SourceQuality "1"]
[TimeControl "40/5400+30:1800+30"]

1. c4 c6 2. d4 f5 3. Nf3 Nf6 4. g3 g6 5. Bg2 Bg7 6. b4 {[%emt 0:03:20] A84: Dutch Defence: 2 c4 Miscellaneous.} d6 7. Bb2 Nbd7 8. Qb3 $146 {[%emt 0:05:17] White has an edge.} (8. O-O O-O 9. Nbd2 Re8 10. Qb3 Kf8 11. d5 e5 12. dxe6 Rxe6 13. Nd4 Re8 14. e3 {1-0 Levers,T (2010)-Perrien,F (1869) Le Touquet op 22nd 2007 (2)}) 8... Nb6 9. Nbd2 O-O 10. O-O Kh8 11. a4 a5 12. bxa5 Rxa5 13. Bc3 Ra6 14. a5 Na8 15. Qc2 Nc7 16. e4 (16. e3 $14) 16... fxe4 $15 17. Nxe4 Bf5 $1 18. Nh4 $1 Nxe4 19. Bxe4 Bxe4 20. Qxe4 d5 21. cxd5 cxd5 (21... Qxd5 $15 22. Qxe7 Rf7) 22. Qd3 $11 Qd7 23. Rab1 $36 {[%emt 0:06:23][%mdl 2048] White has some pressure.} Ne6 24. f4 (24. Nf3 $5) 24... Nd8 25. Nf3 Nc6 26. Ne5 Nxe5 27. dxe5 e6 {[%emt 0:06:34] Black is weak on the dark squares} 28. Qb5 (28. Bb4 $14 Rc8 29. Rfc1) 28... Rf7 (28... Rc6 $1 $11) 29. Bd4 {[%emt 0:01:47] White is much more active.} (29. Qxd7 $16 Rxd7 30. Rfc1) 29... Rc6 $1 30. Bb6 {[%emt 0:00:49] [#]} g5 31. fxg5 $16 Rxf1+ 32. Qxf1 Rc4 33. Re1 Kg8 34. Qd3 {[%emt 0:00:53] Dodges Re4} (34. Qf2 $5) 34... Qe8 35. h4 Qc6 36. g6 Rc3 (36... hxg6 $16 37. Qxg6 d4) 37. gxh7+ $18 Kh8 38. Qg6 d4 39. Rf1 $2 (39. Bxd4 $18 Rc1 40. Bf2) 39... Rc1 {[%emt 0:00:17] [#]} (39... Rf3 $1 $11) 40. Rxc1 $1 (40. Bxd4 Rxf1+ 41. Kxf1 Qc4+ 42. Kg2 Qxd4 43. Qe8+ (43. Qxe6 Qe4+ 44. Kh2 Qe2+ 45. Kh3 Qf1+ 46. Kg4 Qd1+ 47. Kg5 Qd2+ 48. Kg4 Qe2+ 49. Kh3 Qf1+ 50. Kh2 Qe2+ 51. Kg1 Qe1+ 52. Kh2 Qe2+ $11) 43... Kxh7 44. Qh5+ Bh6 45. Qf7+ Kh8 $11) 40... Qxc1+ {[%emt 0:00:06][%mdl 4096] Endgame [#] KQB-KQB. White is two pawns up.} 41. Kg2 (41. Kh2 $1 $16) 41... Qd2+ $2 (41... Qc6+ $1 $11 {and Black has nothing to worry.} 42. Kh2 Qd5) 42. Kh3 Qd1 (42... Qf2) 43. Qe4 $2 (43. Qe8+ Kxh7 44. Qf7 (44. Qxe6 Qf1+ 45. Kg4 Qe2+ 46. Kh3 Qf1+ 47. Kg4 Qe2+ 48. Kh3 Qf1+ $11) 44... Qh1+ 45. Kg4 Qe4+ 46. Kh3 (46. Qf4 Qe2+ 47. Kh3 Qxe5 $11) 46... Qh1+ 47. Kg4 Qd5 $11) (43. Qxe6 $18 Qf1+ 44. Kg4 Qe2+ 45. Kg5 Qe3+ 46. Kh5 Qe2+ 47. Kg6 (47. g4 Qxe5+ 48. Qxe5 Bxe5 49. Kg6 d3 50. a6 bxa6 51. Ba5 Bd4) 47... Qd3+ 48. Kf7 Qxh7 (48... Qf3+ $2 49. Ke8 $18) 49. Qe8+ (49. Bxd4 Bxe5+ 50. Ke8 Bxd4 $17) 49... Bf8+ 50. Kf6 Qh6+ 51. Kf5) 43... d3 $11 44. Be3 (44. Qxb7 $2 d2 45. Qa8+ Kxh7 46. Qe4+ Kg8 47. Qa8+ Bf8 $19) 44... d2 $2 (44... Qe2 $14 45. Qf4 Kxh7) 45. Qg2 $1 $18 (45. Qxb7 $2 Qf1+ (45... Bxe5 $2 46. Qg2 $18) 46. Qg2 d1=Q $19 (46... d1=R $2 47. Qxf1 Rxf1 48. a6 $19)) 45... Bxe5 46. Bxd2 {[%emt 0:00:00][%cal Og2b7] and Qxb7! should not be overlooked} (46. Qxb7 Qf1+ 47. Kh2 d1=Q $19 (47... d1=B 48. Qc8+ Kxh7 49. Qxe6 $11)) 46... Qb1 (46... Qb3 {is a better defense.} 47. h5 Qd3) 47. Qe2 (47. Qf3 $18 {and the rest is easy.}) 47... Qh1+ $16 48. Kg4 Qd5 49. Kh3 (49. Be1 $16) 49... Qh1+ $1 $11 50. Kg4 (50. Qh2 $11 Qf1+ 51. Qg2 Qf5+ 52. Kh2) 50... Qd5 $1 $16 51. Kh3 {[%emt 0:00:00] Weighted Error Value: White=0.37/Black=0.31  Loses game:     	---       	Black=2      Missed win:     	White=2     	---        Mistake:       	White=8     	Black=7      Inaccurate:     	---       	Black=4      OK:         	White=14    	Black=12     Best:        	White=5     	Black=6      Strong:       	White=3     	Black=4} ({White should try} 51. Qe1 $16) 1/2-1/2

[Event "FIDE WSTC Open 50 2025"]
[Site "Prague"]
[Date "2025.02.17"]
[Round "1.33"]
[White "Ghannoum, Marc"]
[Black "Csiszar, Csaba"]
[Result "1-0"]
[Annotator "TA"]
[ECO "B30"]
[WhiteElo "2229"]
[BlackElo "2378"]
[PlyCount "79"]
[EventDate "2025.02.17"]
[EventType "team-tourn"]
[EventCountry "CZE"]
[SourceTitle "playchess.com"]
[Source "ChessBase"]
[SourceQuality "1"]
[TimeControl "40/5400+30:1800+30"]

1. e4 c5 2. Nf3 Nc6 3. Bb5 d6 4. O-O Bd7 5. Re1 Nf6 6. c3 a6 7. Bf1 Bg4 8. d4 Bxf3 {[%emt 0:11:58] B51: Sicilian: Moscow Variation (3 Bb5+) without 3...Bd7.} 9. gxf3 g5 10. Kh1 (10. Bxg5 Rg8 11. f4 h6 $19) 10... Rg8 {[%emt 0:01:59] White has an edge.} 11. Be3 e6 {[%emt 0:09:50] [#]} 12. b4 $146 (12. Nd2 h5 13. b4 cxd4 14. cxd4 d5 15. b5 axb5 16. Bxb5 dxe4 17. fxe4 Bb4 18. Qb3 {1-0 Wachinger,N (2442)-Bethke,R (2357) GER-ch 93rd Magdeburg 2022 (5)}) 12... cxd4 (12... Be7 13. bxc5) 13. cxd4 g4 ({Black should try} 13... d5 $14) 14. Nc3 (14. b5 $16 axb5 15. d5 (15. Bxb5 gxf3 16. Qxf3 Nd7 $16)) 14... gxf3 $1 $14 15. b5 Ng4 {[%emt 0:06:51][%cal Od8h4] ( -> ...Qh4!)} 16. Qxf3 $1 {[%emt 0:05:30] A sharp opening} (16. bxc6 Qh4 17. h3 Nxf2+ 18. Bxf2 Qxf2 19. Ne2 fxe2 20. cxb7 Rg1#) 16... Nb4 (16... Qh4 $11 17. Qh3 (17. bxc6 $2 Qxh2#) 17... Nxf2+ (17... Qxh3 18. Bxh3 axb5 19. Nxb5 $14) 18. Bxf2 Qxf2) 17. Bh3 $16 h5 18. Rab1 a5 19. Bxg4 hxg4 20. Qe2 $36 {[%emt 0:00:23][%mdl 2048] White has good play.} Qf6 {[%emt 0:03:31] [#]} (20... Rh8 $14) 21. Rg1 $1 (21. a3 Nd3 22. Rg1 (22. Qxd3 Qf3+ 23. Kg1 g3 $11) 22... Nf4) 21... Rh8 (21... Bh6 $16) 22. Rxg4 $18 (22. Qxg4 $6 Nc2 $16) 22... Rc8 23. Rc1 Bh6 $2 (23... e5 {might work better.} 24. Bg5 Qe6) 24. e5 Qf5 {[%emt 0:03:34] [#]} 25. Ne4 $1 Rxc1+ 26. Bxc1 Kd7 27. Nxd6 $2 (27. Rh4 $18) 27... Qd3 $1 $11 ({Wrong is} 27... Qb1 $2 28. Qf3 Nd5 (28... Bxc1 29. Qxb7+ Kd8 30. Qc8+ Ke7 31. Qc7+ Kf8 32. Qxf7#) (28... Qxc1+ $2 {loses.} 29. Rg1 $18) 29. Kg2 (29. Nxf7 Rf8 $17) (29. Qxf7+ Ne7 $18) 29... Qxc1 30. Qxf7+ (30. Nxb7 Nf4+ 31. Rxf4 Bxf4 $19) 30... Ne7 31. Ne4 $18 (31. Nxb7 Rf8 $18)) 28. Qxd3 Nxd3 29. Rh4 Nxc1 30. Nxf7 Rf8 (30... Rh7 $1 $15 31. Nxh6 Nxa2) 31. Nxh6 $14 Nxa2 {[%emt 0:00:16][%cal Oa2c3][%mdl 4096] Endgame KRN-KRN. White is two pawns up.} 32. Ng4 {[%emt 0:01:24] Threatens to win with Rh7+.} Nc3 33. Nf6+ Kc8 $2 {[%emt 0:00:34] Black cannot hold the game after this.} (33... Ke7 $16) 34. b6 $18 Rd8 $2 (34... a4 35. Rh7 Nd5 36. Nxd5 exd5) 35. Rh7 {[%emt 0:01:25] White wants to mate with Rc7+.} Kb8 36. Nd7+ Ka8 37. Nc5 Ne2 38. Rxb7 {[%emt 0:00:22] White mates.} Nxd4 39. Ra7+ Kb8 40. Na6+ {[%emt 0:00:05] Weighted Error Value: White=0.24 (precise) /Black=0.63  Loses game:     	---       	Black=1      Missed win:     	White=1     	---        Mistake:       	White=1     	Black=7      Inaccurate:     	White=2     	Black=2      OK:         	White=13    	Black=8      Best:        	White=3     	Black=3      Strong:       	White=3     	Black=2} 1-0

[Event "FIDE WSTC Open 50 2025"]
[Site "Prague"]
[Date "2025.02.17"]
[Round "1.34"]
[White "Varga, Zoltan"]
[Black "Gravel, Simon"]
[Result "1/2-1/2"]
[Annotator "TA"]
[ECO "A33"]
[WhiteElo "2301"]
[BlackElo "2265"]
[PlyCount "30"]
[EventDate "2025.02.17"]
[EventType "team-tourn"]
[EventCountry "CZE"]
[SourceTitle "playchess.com"]
[Source "ChessBase"]
[SourceQuality "1"]
[TimeControl "40/5400+30:1800+30"]

1. c4 c5 2. Nf3 Nc6 3. d4 cxd4 4. Nxd4 Nf6 5. Nc3 e6 6. Ndb5 d5 7. Bf4 e5 8. cxd5 exf4 9. dxc6 bxc6 {[%emt 0:00:22] [#] A33: Symmetrical English: 2 Nf3 Nf6 3 d4 cxd4 4 Nxd4 e6 5 Nc3 Nc6.} 10. Qd4 Qd7 $4 (10... cxb5 $19 11. Qe5+ Be7) 11. Qxd7+ (11. Qe5+ $18 Qe7 12. Nc7+ (12. Qxf4 $2 cxb5 13. e4 a6 $19) 12... Kd8 13. Rd1+ (13. Qxf4 $2 Qxc7 14. Rd1+ Bd7 $19) 13... Nd5 14. Qxe7+ (14. Qxf4 $2 Qxc7 15. Qf3 Ke8 $19) 14... Bxe7 15. Nxa8) 11... Bxd7 $146 (11... Kxd7 $11 {and Black has nothing to worry.} 12. Rd1+ Ke7) (11... Kxd7 12. Rd1+ {½-½ Varga,Z (2301)-Gravel,S (2265) WchT Seniors 50 2025 (1.34)}) 12. Nd4 $2 (12. Nc7+ $18 Kd8 13. Nxa8) 12... Rb8 $17 13. Nb3 Be6 (13... c5 $17 {and ...c4 should not be overlooked} 14. Nd1 c4) 14. Na4 $2 {[%emt 0:12:00] [#]} (14. g3 $11 {and White is okay.}) 14... Ne4 (14... Bxb3 15. axb3 Bb4+ (15... Rxb3 16. g3 $17) 16. Nc3) 15. g4 $2 (15. Rc1) 15... g6 $2 {[%emt 0:00:00] Weighted Error Value: White=2.34/Black=1.34  Loses game:     	White=2     	Black=1      Missed win:     	White=2     	Black=2      Mistake:       	White=1     	Black=1      OK:         	White=1     	Black=1} ({Not} 15... Bxg4 16. Bg2 Rb4 17. Nc3 Nxc3 18. Bxc6+ Ke7 19. bxc3 $17) ({Black should play} 15... Bb4+ $19 16. Nc3 Nxc3 (16... Bxc3+ $2 17. bxc3 Nxc3 18. Bg2 $19) (16... Bxg4 $2 17. Rc1 $19)) 1/2-1/2

[Event "FIDE WSTC Open 50 2025"]
[Site "Prague"]
[Date "2025.02.17"]
[Round "1.35"]
[White "Bergeron, Pascal"]
[Black "Horvath, Peter"]
[Result "0-1"]
[Annotator "TA"]
[ECO "D00"]
[WhiteElo "2065"]
[BlackElo "2354"]
[PlyCount "74"]
[EventDate "2025.02.17"]
[EventType "team-tourn"]
[EventCountry "CZE"]
[SourceTitle "playchess.com"]
[Source "ChessBase"]
[SourceQuality "1"]
[TimeControl "40/5400+30:1800+30"]

1. d4 d5 2. Nc3 c5 3. e4 dxe4 4. d5 Nf6 5. Bf4 a6 6. Qd2 {[%emt 0:02:04] D00: 1 d4 d5: Unusual lines.} Nbd7 $146 (6... b5 $17) (6... g6 7. O-O-O Bg7 8. d6 Nc6 9. dxe7 Qxd2+ 10. Bxd2 Bf5 11. h3 h5 12. Be3 Nd7 13. Nd5 Rc8 14. Ne2 Nxe7 15. Nec3 Nc6 16. Bf4 {½-½ Miladinovic,I (2572)-Nikolic,P (2669) SLO-chT 18th 2008 (2)}) 7. f3 {[%emt 0:05:55] [#]} e3 8. Bxe3 {[%emt 0:06:31] White is slightly better.} g6 9. O-O-O Bg7 (9... b5 $11) 10. Bh6 $14 Bxh6 11. Qxh6 b5 12. Nh3 Bb7 13. Nf4 (13. Ng5 $16) 13... Qb6 14. Kb1 O-O-O 15. Be2 c4 16. Rhe1 Nc5 17. Bf1 b4 18. Ne4 Ncxe4 (18... c3 $11) 19. fxe4 Qc5 20. Qh3+ Kb8 21. b3 (21. Qg3 $16 {aiming for Ne6+.} Qc7 22. b3) 21... g5 (21... e5 $1 $11) 22. Nh5 $16 cxb3 23. axb3 Nxh5 24. Qxh5 f6 25. Qf3 a5 26. Qg3+ Ka7 27. Qd3 (27. Bc4 $16) 27... Rd6 $11 28. g3 Rc8 29. Bg2 Ba6 30. Qd2 Rb6 31. e5 fxe5 (31... Bb7 $14) 32. Rxe5 $16 (32. Qxg5 Qxc2+ 33. Ka1 Qc3+ (33... Qxg2 $2 34. Qd2 $19) (33... Qxb3 $2 34. Qxe7+ Bb7 35. Be4 $19) 34. Ka2 Bc4 $19 (34... Qc2+ $2 35. Ka1 $19)) 32... a4 {[%emt 0:00:32] [#]} 33. bxa4 $2 {[%emt 0:01:42][%mdl 8192] This move loses the game for White.} (33. Be4 $1 $16 {keeps the pressure on.}) 33... b3 $19 34. c3 {[%emt 0:00:29] [#]} (34. Qxg5 $2 Qxc2+ 35. Ka1 Qa2#) 34... b2 $1 35. Qxg5 $2 (35. Re6 $19 Rcb8 36. Qe1 (36. Qxg5 Bd3+ 37. Rxd3 Qg1+)) 35... Rc7 (35... Bd3+ $142 36. Rxd3 Qg1+ 37. Bf1 Qxf1+ 38. Re1 Qxd3+ (38... Qxe1+ {leads to mate.} 39. Rd1 Qxd1+ 40. Qc1 bxc1=N+ 41. Ka1 Qxa4#) 39. Ka2 b1=Q+ (39... b1=B+ $2 40. Rxb1 Qxb1+ 41. Ka3 Rxc3#) 40. Rxb1 Qxb1+ 41. Ka3 Rxc3#) 36. Re6 Qxc3 37. Rc6 Bd3+ {[%emt 0:00:20] Weighted Error Value: White=0.68/Black=0.33  Loses game:     	White=1     	---        Mistake:       	White=4     	Black=7      Inaccurate:     	White=3     	Black=3      OK:         	White=5     	Black=6      Best:        	White=3     	Black=2      Strong:       	---       	Black=1} 0-1

[Event "FIDE WSTC Open 50 2025"]
[Site "Prague"]
[Date "2025.02.17"]
[Round "1.36"]
[White "Krizsany, Laszlo"]
[Black "Joel O. Ebiekuta"]
[Result "1-0"]
[Annotator "TA"]
[ECO "E73"]
[WhiteElo "2303"]
[BlackElo "1887"]
[PlyCount "113"]
[EventDate "2025.02.17"]
[EventType "team-tourn"]
[EventCountry "CZE"]
[SourceTitle "playchess.com"]
[Source "ChessBase"]
[SourceQuality "1"]
[TimeControl "40/5400+30:1800+30"]

1. d4 g6 2. c4 Bg7 3. e4 d6 4. Nc3 Nf6 5. Be2 O-O 6. Bg5 Nbd7 7. Qd2 c6 8. Rd1 {[%emt 0:03:10] E73: King's Indian: Averbakh Variation without 6...c5.} a6 9. Nf3 b5 10. a3 {[%emt 0:04:33] White has an edge.} Qc7 11. O-O Bb7 12. Rfe1 Rfe8 13. Rc1 bxc4 14. Bxc4 Rad8 $146 (14... c5 15. dxc5 Nxc5 16. Bxf6 Bxf6 17. b4 Nd7 18. Nd5 Qb8 19. Nc7 Nb6 20. Nxe8 Qxe8 {1-0 Jarmula,L (2492)-Deszczynski,A (2315) Warsaw-chA 67th 2018 (6)}) 15. b4 a5 (15... e6 $142) 16. Qa2 $16 {[%emt 0:02:51] White has more active pieces.} d5 {[%emt 0:03:07][%csl Oa5,Oc6] Black has weak pawns} (16... e6 $16) 17. exd5 cxd5 18. Nxd5 (18. Bxd5 e6 $16) 18... Nxd5 19. Bxd5 Bxd5 20. Qxd5 Nf6 21. Qxf7+ (21. Rxc7 $6 Nxd5 22. Rc4 axb4 $16) 21... Kxf7 22. Rxc7 Nd5 23. Rc4 axb4 24. axb4 Rb8 25. Bd2 Rb5 26. Rc5 Reb8 27. Rec1 Bf6 (27... Rxc5 {keeps fighting.} 28. bxc5 Ke6 29. Ng5+ Kf5) 28. Kf1 e6 29. Rxb5 Rxb5 30. Rc4 Ke8 31. Ne1 Rb7 32. Nc2 Be7 33. Ke2 Kd7 34. g3 Bd6 35. Kd3 Rb8 36. h4 Rb7 37. Ke4 Nf6+ 38. Kf3 Nd5 39. Ke4 Nf6+ $1 40. Kd3 Nd5 41. Ne3 {[%emt 0:30:53] White leaves nothing to chance now.} Nxb4+ 42. Bxb4 Bxb4 {[%emt 0:01:02][%mdl 4096] Endgame KRB-KRN. White is a pawn up.} ({Black should play} 42... Rxb4 43. f4 Rb3+ 44. Rc3 Rb1) 43. Ng4 Ke7 {[%emt 0:02:00] Dodges Nf6} 44. Ke4 Bd6 45. Rc2 Rb4 46. Rc3 Ra4 47. Rb3 {[%emt 0:01:07] And now Rb7+ would win.} Bc5 (47... Rb4 $142 48. Rxb4 Bxb4) 48. Rb7+ Kd6 49. Rxh7 Bxd4 50. Kf3 Ra8 {[%emt 0:01:15] [#]} (50... Ra3+ $142 51. Kg2 Ra7 52. Rxa7 Bxa7) 51. Rh6 $1 $18 Rg8 $2 (51... Rf8+ 52. Kg2 Rg8) 52. Ke4 Bc3 53. f4 Rg7 54. Ne5 Bxe5 (54... Kc5 $142 55. Nxg6 (55. Rxg6 Bxe5 56. Rxe6 Bd4 $16) 55... Rd7) 55. fxe5+ Ke7 56. Rh8 {[%emt 0:00:00] [#] Rb8 would kill now.} g5 57. h5 {[%emt 0:00:00] Weighted Error Value: White=0.13 (very precise) /Black=0.38  Mistake:       	---       	Black=8      Inaccurate:     	White=3     	Black=1      OK:         	White=19    	Black=11     Best:        	White=2     	Black=5      Strong:       	White=1     	Black=1} 1-0

[Event "FIDE WSTC Open 50 2025"]
[Site "Prague"]
[Date "2025.02.17"]
[Round "1.38"]
[White "Musil, Martin"]
[Black "Svensson, Bengt"]
[Result "0-1"]
[Annotator "TA"]
[ECO "B34"]
[WhiteElo "1944"]
[BlackElo "2297"]
[PlyCount "84"]
[EventDate "2025.02.17"]
[EventType "team-tourn"]
[EventCountry "CZE"]
[SourceTitle "playchess.com"]
[Source "ChessBase"]
[SourceQuality "1"]
[TimeControl "40/5400+30:1800+30"]

1. e4 c5 2. Nf3 Nc6 3. d4 cxd4 4. Nxd4 Nf6 5. Nc3 e5 6. Nb3 Bb4 7. Qd3 d5 {[%emt 0:05:15] B33: Sicilian: Pelikan and Sveshnikov Variations.} 8. exd5 Nxd5 9. Bd2 Nxc3 {[%emt 0:04:02] Black is slightly better.} 10. Bxc3 O-O (10... Qxd3 {simplifies} 11. Bxd3 Bxc3+ 12. bxc3 Bd7) 11. Bxb4 $146 (11. O-O-O Qf6 12. f3 Rd8 13. Qe3 Rxd1+ 14. Kxd1 Be6 15. a3 Bxc3 16. Qxc3 Qg5 17. Nc5 Rd8+ 18. Nd3 e4 19. fxe4 Bg4+ 20. Be2 Bxe2+ 21. Kxe2 Qxg2+ 22. Nf2 Nd4+ {0-1 Novikov,V (1459)-Ermakov,K (1774) Urals-ch Khanty-Mansiysk 2021 (4)}) 11... Nxb4 12. Qc3 (12. Qe4 $1 $11 {remains equal.} a5 13. c3) 12... Qh4 $17 {[%emt 0:07:29] Black is more active.} 13. Bd3 {[%emt 0:29:01] Prevents Qe4+} Nxd3+ 14. Qxd3 Be6 15. O-O $2 {[%emt 0:01:16] [#] This move loses the game for White.} (15. Qe3 $17) 15... Bc4 $19 16. Qf3 Bxf1 17. Rxf1 Qb4 18. Qe2 Rfe8 19. h3 Rad8 20. c3 Qa4 21. Ra1 h6 22. Nc5 Qc6 23. Nb3 Rd6 24. Nd2 Qd7 25. Ne4 Rd5 26. Rc1 b6 27. Rc2 (27. c4 $142 Rd4 28. Re1) 27... Rd1+ 28. Kh2 Qd3 29. c4 Qxe2 30. Rxe2 {[%emt 0:00:02][%mdl 4096] Endgame KRR-KRN} Red8 31. b3 f6 32. f3 Kf7 33. Rc2 (33. Kg3 {is a better defense.}) 33... f5 34. Nc3 R1d2 35. Rc1 R8d3 36. Kh1 Ke6 37. a3 Rf2 38. b4 Rdd2 39. Rg1 Rc2 40. Nb5 a5 41. bxa5 $2 {[%emt 0:30:29] [#]} (41. c5 bxc5 42. bxa5) 41... bxa5 (41... Rxc4 42. a6 Ra4 43. a7 $11) 42. Re1 Kf6 {[%emt 0:02:43] Weighted Error Value: White=0.42/Black=0.13 (very precise)   Loses game:     	White=1     	---        Mistake:       	White=3     	---        Inaccurate:     	---       	Black=1      OK:         	White=9     	Black=14     Best:        	White=1     	Black=1      Strong:       	White=1     	---} 0-1

[Event "FIDE WSTC Open 50 2025"]
[Site "Prague"]
[Date "2025.02.17"]
[Round "1.39"]
[White "Jaderberg, Bjorn"]
[Black "Korenek, Frantisek"]
[Result "0-1"]
[Annotator "TA"]
[ECO "D00"]
[WhiteElo "2134"]
[BlackElo "1940"]
[PlyCount "44"]
[EventDate "2025.02.17"]
[EventType "team-tourn"]
[EventCountry "CZE"]
[SourceTitle "playchess.com"]
[Source "ChessBase"]
[SourceQuality "1"]
[TimeControl "40/5400+30:1800+30"]

1. d4 d5 2. Nc3 Nf6 3. Bf4 c6 4. e3 Bf5 5. f3 e6 6. g4 {[%emt 0:00:49] D00: 1 d4 d5: Unusual lines.} Bg6 7. h4 {[%emt 0:00:42] [#] and h5 should not be overlooked} h6 8. Bd3 {[%emt 0:01:16] Black should prevent Bxg6. White is slightly better.} Bxd3 9. Qxd3 Bd6 10. Nge2 Bxf4 11. exf4 Qd6 12. O-O-O Nbd7 13. g5 $146 (13. h5 $11) (13. Qe3 O-O-O 14. Ng3 Nb6 15. Qe5 Nc4 16. Qxd6 Nxd6 17. Rde1 h5 18. g5 Nd7 19. g6 fxg6 20. Rxe6 {½-½ Maldonado Mena,G (2104)-Papadakis,M (2181) Calvia Amateur op 19th 2022 (5)}) 13... Nh5 $15 14. f5 e5 15. dxe5 Qxe5 16. Kb1 O-O-O 17. Qd4 Qxd4 18. Rxd4 (18. Nxd4 $15 Rde8 19. Kc1) 18... Rde8 19. f4 {[%emt 0:04:05] Against Ne5} Re3 20. Nc1 (20. Rd3 $17 {was called for.} Re7 21. Rd2) 20... Ng3 $19 21. Rh3 Nxf5 22. Rxe3 Nxe3 {[%emt 0:00:08] Weighted Error Value: White=0.30/Black=0.08 (flawless)   Missed win:     	---       	Black=1      Mistake:       	White=3     	---        Inaccurate:     	White=2     	Black=1      OK:         	White=7     	Black=8} 0-1

[Event "FIDE WSTC Open 50 2025"]
[Site "Prague"]
[Date "2025.02.17"]
[Round "1.40"]
[White "Hejda, Antonin"]
[Black "Wengholm, Anders"]
[Result "1/2-1/2"]
[Annotator "TA"]
[ECO "A48"]
[WhiteElo "1900"]
[BlackElo "2132"]
[PlyCount "48"]
[EventDate "2025.02.17"]
[EventType "team-tourn"]
[EventCountry "CZE"]
[SourceTitle "playchess.com"]
[Source "ChessBase"]
[SourceQuality "1"]
[TimeControl "40/5400+30:1800+30"]

1. d4 Nf6 2. Nf3 g6 3. c4 Bg7 4. Nc3 O-O 5. Bf4 c5 6. d5 d6 7. e3 {[%emt 0:00:28] E61: King's Indian: Early deviations for White, including Smyslov System.} (7. e4 $14) 7... Qa5 (7... Nh5 $11) 8. Qd2 e5 $146 (8... a6 9. Be2 b5 10. O-O bxc4 11. e4 Nbd7 12. Rfe1 Rb8 13. Rab1 Nh5 14. Bh6 Nb6 {1-0 Boidman,Y (2415)-Thiede,L (2464) Bundesliga 0809 2008 (13.6)}) 9. Bg5 {[%emt 0:11:46][%cal Bf4g5,Bg5h4,Bh4g3][%mdl 32] White is slightly better.} Qb6 10. Be2 h6 11. Bh4 g5 12. Bg3 Nh5 (12... e4 $11) 13. e4 ({White should play} 13. Qc2 $14) 13... f5 $11 14. exf5 Bxf5 15. O-O (15. Bd3 $11) 15... Nf4 (15... e4 $15 16. Ne1 Nxg3 17. hxg3 Nd7) 16. Bxf4 (16. h4 {keeps more tension.} e4 17. Nh2 Nd7 18. Bg4) 16... exf4 17. Rac1 Qd8 18. Bd3 g4 19. Ne1 Nd7 20. Bxf5 Rxf5 21. Nd3 Qf8 (21... Ne5 $11) 22. Ne4 (22. Qe2 $14) 22... Bd4 23. Kh1 Re8 24. Rce1 Ne5 {[%emt 0:01:37] Weighted Error Value: White=0.26 (precise) /Black=0.30  Mistake:       	White=3     	Black=4      Inaccurate:     	White=3     	Black=2      OK:         	White=4     	Black=5      Best:        	White=1     	---} 1/2-1/2

[Event "FIDE WSTC Open 50 2025"]
[Site "Prague"]
[Date "2025.02.18"]
[Round "2.1"]
[White "Ehlvest, Jaan"]
[Black "Polak, Tomas"]
[Result "1/2-1/2"]
[Annotator "TA"]
[ECO "E11"]
[WhiteElo "2531"]
[BlackElo "2463"]
[PlyCount "91"]
[EventDate "2025.02.17"]
[EventType "team-tourn"]
[EventCountry "CZE"]
[SourceTitle "playchess.com"]
[Source "ChessBase"]
[SourceQuality "1"]
[TimeControl "40/5400+30:1800+30"]

1. d4 Nf6 2. c4 e6 3. Nf3 Bb4+ 4. Bd2 a5 5. Nc3 O-O 6. Bg5 h6 {[%emt 0:01:22] E11: Bogo-Indian.} 7. Bh4 d5 8. e3 Nbd7 {[%emt 0:13:12] White is slightly better.} 9. Rc1 $146 (9. a3 Be7 10. Qc2 c6 11. Rc1 b6 12. cxd5 exd5 13. Be2 Re8 14. O-O Bb7 15. Rfd1 {1-0 Zubov,A (2615)-Harutjunyan,G (2449) Poti Aleksandria Cup 10th 2015 (9)}) 9... Be7 10. Bd3 dxc4 11. Bxc4 b6 12. O-O Bb7 13. Qe2 Ne4 14. Bg3 Nxg3 15. hxg3 Bd6 16. Rfd1 Qe7 17. Nh4 c6 18. e4 Bb4 19. e5 Bxc3 20. bxc3 Rfd8 21. f4 Nf8 22. f5 Qg5 23. Qf3 Ba6 (23... Rab8 {with more complications.} 24. Qf2 b5 25. fxe6 Nxe6 26. Bd3 c5) 24. Bxa6 (24. Qxc6 $2 {perishes.} Rac8 (24... Qxg3 25. Bxa6 Qe3+ 26. Kh1 $11) 25. Qf3 Bxc4 $19 (25... Rxc4 $2 26. Rc2 $19)) 24... Rxa6 25. fxe6 fxe6 26. Qxc6 Qxg3 27. Qe4 (27. Nf5 $5 Qg4 28. Ne7+ Kh7 29. d5 $16) 27... Nh7 {[%emt 0:00:54][%cal Bf8h7,Bh7g5,Bg5e4,Be4d2][%mdl 32] [#] ...Ng5 is the strong threat.} 28. Rd3 $1 Ng5 29. Rxg3 Nxe4 30. Re3 Nd2 31. Re2 Nc4 32. Rb1 Ra7 33. a4 Rc8 34. Nf3 Rd7 35. Rb3 Kf8 36. Nd2 Nxd2 37. Rxd2 $11 {[%emt 0:00:05][%mdl 4096] Endgame KRR-KRR} Ke7 38. Kf2 Rdc7 39. Rc2 Rc4 {[%emt 0:00:48] The position is equal.} 40. Ke3 Rb4 41. cxb4 Rxc2 42. bxa5 bxa5 43. Rb7+ Kf8 44. Rb8+ Kf7 45. Rb7+ Kf8 46. Rb8+ {Weighted Error Value: White=0.08 (flawless) /Black=0.07 (flawless)   Inaccurate:     	White=5     	Black=1      OK:         	White=16    	Black=17     Best:        	White=1     	Black=1      Strong:       	White=1     	---} 1/2-1/2